 Dungeon Crawl Stone Soup version 0.22.0-78-g6c94d2c (webtiles) character file.

146 dobroeutro the Chopper (level 5, -1/41 HPs)
             Began as a Demonspawn Fighter on Sept 16, 2018.
             Slain by an orc
             ... wielding a +0 hand axe
              (7 damage)
             ... on level 2 of the Dungeon.
             The game lasted 00:03:14 (1730 turns).

dobroeutro the Chopper (Demonspawn Fighter)         Turns: 1730, Time: 00:03:15

Health: -1/41      AC:  7    Str: 17    XL:     5   Next: 7%
Magic:  5/5        EV:  8    Int:  9    God:
Gold:   127        SH:  8    Dex: 13    Spells: 4/4 levels left

rFire    . . .     SeeInvis .   a - +0 war axe
rCold    . . .     Gourm    +   c - +0 shield
rNeg     . . .     Faith    .   b - +0 scale mail
rPois    .         Spirit   .   (no helmet)
rElec    .         Reflect  .   h - +0 cloak {+Inv}
rCorr    .         Harm     .   (no gloves)
MR       .....                  (no boots)
Stlth    ..........             q - amulet of the gourmand
HPRegen  0.13/turn              (no ring)
MPRegen  0.09/turn              (no ring)

@: no status effects
A: repulsion field 1
a: Evoke Invisibility


You were on level 2 of the Dungeon.
You were not hungry.

You visited 1 branch of the dungeon, and saw 3 of its levels.

You collected 127 gold pieces.

Inventory:

Hand Weapons
 a - a +0 war axe (weapon)
Armour
 b - a +0 scale mail (worn)
 c - a +0 shield (worn)
 h - a +0 cloak of invisibility (worn)
Jewellery
 q - an amulet of the gourmand (around neck)
Scrolls
 e - a scroll of immolation {unknown}
 g - a scroll of fog {unknown}
 j - 3 scrolls of identify {unknown}
 l - a scroll of remove curse {unknown}
 n - a scroll of magic mapping {unknown}
Potions
 d - a potion of might
 i - a potion of haste {unknown}
 k - a potion of curing {unknown}
 m - a potion of agility {unknown}
 o - a potion of mutation {unknown}
Comestibles
 f - 3 rations


   Skills:
 - Level 3.0 Fighting
 + Level 4.8 Axes
 - Level 2.6 Armour
 - Level 2.6 Shields


You had 4 spell levels left.
You didn't know any spells.
Your spell library was empty.

Dungeon Overview and Level Annotations

Branches:
Dungeon (3/15)

Altars:

Annotations:
D:3 Sigmund


Innate Abilities, Weirdness & Mutations

You are surrounded by a mild repulsion field. (EV +2)


Message History

Level annotation: Sigmund The orc shouts! x2; The orc priest shouts!
The orc shouts!
You hear a shout!
You block the orc's attack.
The orc priest mumbles some strange prayers to Beogh against you.
Beogh smites you!
A hobgoblin comes into view. It is wielding a club.
There is a stone staircase leading up here.
The orc priest barely misses you. The orc hits you with a hand axe.
You climb upwards.
There is a stone staircase leading down here.
Unknown command.
Your shield and scale mail prevent you from hitting the orc priest.
Your shield prevents you from hitting the orc.
The orc priest calls down the wrath of Beogh upon you.
Pain shoots through your body! The orc hits you with a hand axe.
The orc priest calls down the wrath of Beogh upon you.
Pain shoots through your body!
* * * LOW HITPOINT WARNING * * *
The orc hits you with a hand axe!
You die...

#......#.....#......
##...................
#....................
#.......>............
#....................
#..................(.
#....................
##..o..........#(....
#.o@...#.....###....
#.##########....##..
###.## ####.##..
#....#
########.......
#..).#
#........)...<.
#....#
#)........##...
#....#
#..............
#....#
#........#..#..
#....#
#...........<..


You could see an orc priest and an orc.

Vanquished Creatures
  Natasha (thrice) (D:2)
  2 adders (D:2)
  A worm (D:2)
  A dart slug (D:1)
  A leopard gecko (D:1)
  An orc (D:2)
  8 bats
  4 giant cockroaches
  3 goblins
  4 hobgoblins
  4 jackals (D:1)
  5 kobolds
  A quokka (D:2)
  A ball python (D:1)
  4 frilled lizards
  3 rats (D:1)
46 creatures vanquished.

Notes
Turn   | Place    | Note
-------+----------+-------------------------------------------
     0 | D:1      | dobroeutro the Demonspawn Fighter began the quest for the
                  | Orb.
     0 | D:1      | Reached XP level 1. HP: 18/18 MP: 1/1
    25 | D:1      | Reached skill level 2 in Axes
   108 | D:1      | Gained mutation: You are surrounded by a mild repulsion
                  | field. (EV +2) [demonic ancestry]
   108 | D:1      | Reached XP level 2. HP: 21/24 MP: 2/2
   243 | D:1      | Reached skill level 3 in Axes
   342 | D:1      | Reached XP level 3. HP: 27/29 MP: 3/3
   569 | D:2      | Noticed Natasha
   576 | D:2      | Killed Natasha
   794 | D:2      | Reached skill level 4 in Axes
   794 | D:2      | Reached XP level 4. HP: 21/35 MP: 4/4
  1227 | D:2      | Noticed Natasha
  1239 | D:2      | Killed Natasha
  1669 | D:2      | Noticed Natasha
  1676 | D:2      | Killed Natasha
  1676 | D:2      | Reached XP level 5. HP: 37/41 MP: 5/5
  1716 | D:3      | Noticed Sigmund
  1730 | D:2      | Slain by an orc

Skill      XL: |  1  2  3 |
---------------+----------+-----
Axes           | 2 3 4 |  4.8
Fighting       | |  3.0
Armour         | |  2.6
Shields        | |  2.6

Action                   |  1- 3 |  4- 6 || total
-------------------------+-------+-------++-------
Melee: War axe           |    94 |    61 ||   155
  Use: Potion            |       |     1 ||     1
  Eat: Chunk             |       |     6 ||     6
Armor: Scale mail        |    49 |    13 ||    62
       Skin              |       |    21 ||    21
Dodge: Dodged            |    40 |    18 ||    58
Block: Shield            |    33 |    26 ||    59
